 Dungeon Crawl Stone Soup version 0.18.1-50-g88ac8fd (webtiles) character file.

28 Fiskpinne the Firebug (level 2, 0/30 HPs)
             Began as a Draconian Fire Elementalist on Oct 28, 2016.
             Succumbed to an adder's poison
             ... on level 2 of the Dungeon.
             The game lasted 00:03:16 (752 turns).

Fiskpinne the Firebug (Draconian Fire Elementalist)  Turns: 752, Time: 00:03:16

Health: 0/30       AC: 21    Str: 10    XL:     2   Next: 96%
Magic:  1/5        EV:  2    Int: 15    God:
Gold:   51         SH:  0    Dex: 11    Spells: 1 memorised, 4 levels left

rFire  . . .     SeeInvis .     j - +0 hand axe
rCold  . . .     Gourm    .     (armour unavailable)
rNeg   + + +     Faith    .     (no shield)
rPois  +         Spirit   .     (helmet currently unavailable)
rElec  .         Dismiss  .     (cloak currently unavailable)
rCorr  .         Reflect  .     (gloves currently unavailable)
SustAt .         Harm     .     (boots currently unavailable)
MR     .....     NoTele   +     (no amulet)
Stlth  ++........               (no ring)
                                (no ring)

@: lethally poisoned (0 -> -4), tree-form, very slightly contaminated, not
resistant to hostile enchantments, unstealthy
A: unfitting armour, (talons 0), (cold-blooded), AC +4
a: no special abilities


You were on level 2 of the Dungeon.
You were not hungry.
You were a tree.
You visited 1 branch of the dungeon, and saw 2 of its levels.

You collected 51 gold pieces.

Inventory:

Hand Weapons
 j - a +0 hand axe (weapon)
Missiles
 d - 95 stones (quivered)
Armour
 i - a +0 buckler
Scrolls
 c - 2 scrolls of random uselessness {unknown}
 e - a scroll of identify {unknown}
 g - a scroll of remove curse {unknown}
 h - 3 scrolls of recharging {unknown}
 m - a scroll of teleportation {unknown}
Books
 a - a book of Flames

   Spells                             Type                      Level
   a - Flame Tongue                   Conjuration/Fire             1
   b - Throw Flame                    Conjuration/Fire             2
   c - Conjure Flame                  Conjuration/Fire             3
   d - Inner Flame                    Hexes/Fire                   3
   e - Sticky Flame                   Conjuration/Fire             4
   f - Fireball                       Conjuration/Fire             5
Comestibles
 b - 2 bread rations
 f - a beef jerky


   Skills:
 + Level 0.2 Axes
 - Level 1.7 Dodging
 - Level 1.7 Stealth
 - Level 2.0 Spellcasting
 * Level 2.2 Conjurations
 * Level 3.5 Fire Magic


You had 4 spell levels left.
You knew the following spells:

 Your Spells              Type           Power        Failure   Level  Hunger
a - Flame Tongue          Conj/Fire      ##...        10%         1    #......


Dungeon Overview and Level Annotations

Branches:
Dungeon (2/15)

Altars:


Innate Abilities, Weirdness & Mutations

((Your plain brown scales are hard (AC +4).))
Your body does not fit into most forms of armour.
((You are cold-blooded and may be slowed by cold attacks.))
((You have sharp toenails.))


Message History

The adder poisons you! The adder barely misses you.
You hit the adder.
You kill the adder!
* * * LOW HITPOINT WARNING * * *
You feel sick.
You see here an adder corpse.
It was a potion of lignification.
You turn into a tree.
Your roots penetrate the ground.
* * * LOW HITPOINT WARNING * * *
You feel sick.
It was a potion of beneficial mutation.
Your toenails lengthen and sharpen.
You feel fantastic!
* * * LOW HITPOINT WARNING * * *
You feel sick.
There is a lethal amount of poison in your body!
There is a lethal amount of poison in your body!
* * * LOW HITPOINT WARNING * * *
You feel sick.
You die...

####### ......#######
### #.)......... ...
##.#...#### #..
.......# #.# ##.##..#
#.# .......#########.#
#...<.........##♣####.#
#.###.##.#............#
#.............#########
#.....##.###..#
#.###.##.# #..# ..
#.....# #### ####..##.#
.........# ####.....#


There were no monsters in sight!

Vanquished Creatures
  An adder (D:2)
  A giant cockroach (D:1)
  4 goblins (D:1)
  A hobgoblin (D:1)
  3 jackals (D:1)
  3 kobolds
  A bat (D:1)
  A giant newt (D:1)
  A rat (D:1)
16 creatures vanquished.

Notes
Turn   | Place    | Note
--------------------------------------------------------------
     0 | D:1      | Fiskpinne the Draconian Fire Elementalist began the quest for the Orb.
     0 | D:1      | Reached XP level 1. HP: 14/14 MP: 3/3
   376 | D:1      | Reached XP level 2. HP: 18/20 MP: 5/5
   747 | D:2      | Gained mutation: You have sharp toenails. [potion of beneficial mutation]
   747 | D:2      | HP: 1/30 [poisoned by an adder]
   752 | D:2      | Succumbed to an adder's poison

Skill      XL: |  1  2 |
---------------+-------+-----
Conjurations   | 2 |  2.2
Axes           | |  0.2
Dodging        | |  1.7
Stealth        | |  1.7
Spellcasting   | |  2.0
Fire Magic     | |  3.5

Action                   || total
-------------------------++-------
Melee: Hand axe          ||    47
       Unarmed           ||     4
       Tailslap          ||     7
 Cast: Flame Tongue      ||     9
  Use: Potion            ||     2
 Stab: Sleeping          ||     2
Armor: Skin              ||    12
Dodge: Dodged            ||    41
